AoeStats
← leopardopj

Arabia

506034318Analyzed
1v1 RM · 20d ago on Sep 12, 2026· 31m 47s· 2 players
Game mode
Random Map
Map size
Tiny (2 player)
Population
200
Speed
Normal
Resources
Standard
Victory
Conquest
Starting age
Dark Age
Ending age
Imperial Age
RankedLock teamsTeams togetherTeam positionsShared explorationLock speedFull tech treeHidden civsTurbo modeCheats
Victory
Defeat
🇨🇦 Khmer · Canada
944
+15
🇲🇽 Mapuche · Mexico
913
-15
leopardopj
7:53 Loom
11:06 Feudal Age
13:55 Horse Collar
14:05 Double-Bit Axe
18:09 Town Watch
18:38 Forging
20:22 Scale Mail Armor
25:23 Castle Age
25:02 Fletching
25:41 Pikeman
Playforfun
11:04 Feudal Age
11:22 Loom
15:04 Castle Age
14:36 Bloodlines
15:25 Double-Bit Axe
21:25 Bow Saw
23:18 Scale Barding Armor
26:14 Fletching
29:42 Husbandry
Connection lost

Rejoining the realm…

Still unreachable

The connection could not be restored.

Session expired

The server has moved on; the page needs a fresh start.